 Dungeon Crawl Stone Soup version 0.29-a0-495-g17b79114eb (webtiles) character file.

Game seed: 6999067425199637260

472 hquester the Sneak (level 6, -1/32 HPs)
             Began as a Spriggan Hunter on May 27, 2022.
             Killed by divine providence
             ... invoked by an orc priest
              (11 damage)
             ... on level 3 of the Dungeon.
             The game lasted 00:12:59 (3975 turns).

hquester the Sneak (Spriggan Hunter)                Turns: 3975, Time: 00:12:59

Health: -1/32      AC:  5    Str:  7    XL:     6   Next: 83%
Magic:  7/7        EV: 25    Int: 10    God:
Gold:   222        SH:  0    Dex: 21    Spells: 5/5 levels left

rFire   . . .      SeeInvis +   a - +1 hand crossbow
rCold   . . .      Faith    .   (no shield)
rNeg    . . .      Spirit   .   b - +0 robe
rPois   .          Reflect  .   (helmet restricted)
rElec   .          Harm     .   p - +2 cloak
rCorr   .          Rampage  .   (gloves unavailable)
Will    +....                   (boots unavailable)
Stlth   +++.......              (no amulet)
HPRegen 0.10/turn               i - +4 ring of evasion
MPRegen 0.10/turn               (no ring)

@: very quick
A: very small, no large weapons, unfitting armour, see invisible, speed 3
a: no special abilities


You were on level 3 of the Dungeon.
You visited 1 branch of the dungeon, and saw 4 of its levels.

You collected 222 gold pieces.

Inventory:

Hand Weapons
 a - a +1 hand crossbow (weapon)
 h - a +1 short sword of holy wrath
Armour
 b - a +0 robe (worn)
 p - a +2 cloak (worn)
Jewellery
 i - a +4 ring of evasion (left hand)
Wands
 n - a wand of flame (13)
Scrolls
 c - 2 scrolls of immolation
 d - 2 scrolls of identify
 e - a scroll of enchant armour
 g - 3 scrolls of poison
Potions
 f - 5 potions of curing
 j - a potion of invisibility {unknown}
 k - a potion of degeneration {unknown}
 l - a potion of brilliance {unknown}
 m - a potion of attraction {unknown}
 o - a potion of mutation {unknown}
 q - a potion of magic {unknown}


   Skills:
 + Level 3.3 Fighting
 + Level 5.3 Crossbows
 + Level 5.3 Dodging
 + Level 5.6 Stealth


You had 5 spell levels left.
You didn't know any spells.
Your spell library contained the following spells:

 Spells                   Type           Power      Damage    Failure   Level
 Blade Hands              Tmut           0%         N/A       100%        5
 Irradiate                Conj/Tmut      0%         3d13      100%        5
 Dragon Form              Tmut           0%         N/A       100%        7


Dungeon Overview and Level Annotations

Branches:
Dungeon (4/15)
 Temple: D:4-7

Altars:
Gozag
Kikubaaqudgha
The Shining One


Innate Abilities, Weirdness & Mutations

You are very small and have problems with some larger weapons.
You are too small for most types of armour.
You have supernaturally acute eyesight. (SInv)
You cover ground extremely quickly. (Speed+++)


Message History

You shoot a bolt. The bolt hits the orc priest.
The orc priest is heavily wounded.
The orc priest invokes the aid of Beogh against you.
You resist with significant effort. The orc priest misses you.
Shoot: a) +1 hand crossbow
Press: ? - help, Q - select action, (/) - cycle Shift-Dir - straight line, f/p - orc priest
Aim: an orc priest, wielding a +0 club and wearing a +0 ring mail (heavily wounded, 70% to hit)
You shoot a bolt. The bolt barely misses the orc priest.
The orc priest completely misses you.
Shoot: a) +1 hand crossbow
Press: ? - help, Q - select action, (/) - cycle Shift-Dir - straight line, f/p - orc priest
Aim: an orc priest, wielding a +0 club and wearing a +0 ring mail (heavily wounded, 70% to hit)
You shoot a bolt. The bolt hits the orc priest.
The orc priest is severely wounded.
The orc priest completely misses you.
Shoot: a) +1 hand crossbow
Press: ? - help, Q - select action, (/) - cycle Shift-Dir - straight line, f/p - orc priest
Aim: an orc priest, wielding a +0 club and wearing a +0 ring mail (severely wounded, 70% to hit)
You shoot a bolt. The bolt closely misses the orc priest.
The orc priest barely misses you.
Shoot: a) +1 hand crossbow
Press: ? - help, Q - select action, (/) - cycle Shift-Dir - straight line, f/p - orc priest
Aim: an orc priest, wielding a +0 club and wearing a +0 ring mail (severely wounded, 70% to hit)
You shoot a bolt.
The bolt hits the orc priest but does no damage.
The orc priest is severely wounded.
The orc priest completely misses you.
The orc priest calls down the wrath of Beogh upon you.
Beogh smites you!
* * * LOW HITPOINT WARNING * * *
You see here a +0 club.
The orc priest casts a cantrip, but nothing happens.
Shoot: a) +1 hand crossbow
Press: ? - help, Q - select action, (/) - cycle Shift-Dir - straight line, f/p - orc priest
Aim: an orc priest, wielding a +0 club and wearing a +0 ring mail (severely wounded, 70% to hit)
You shoot a bolt. The bolt hits the orc priest.
The orc priest is almost dead.
The orc priest invokes the aid of Beogh against you.
Beogh smites you!
You die...

#........# #####.###...
#........# #....<..'...
#........# #.#######...
#........# #.# #...
#........# #.# #...
#........# #.# #...
#######'## #.#######'##
####.#####...........
#...@................
#.########o.......... #.#
#...##........... #.#
#...##.##......#'
#.###...##o##.###..#.
##≈#≈≈...##>..........
#♣##..#≈.≈..##.##.###....
#.#≈.≈≈.♣≈..##.##.# #.#.#
#.≈≈.♣.≈.≈..##.##.###.#.#


You could see an orc priest.

Vanquished Creatures
  Menkaure (D:4)
  A scorpion (D:4)
  A hound (D:2)
  2 orc priests (D:4)
  An iguana (D:3)
  3 orc wizards
  An adder (D:3)
  3 worms
  2 dart slugs
  6 orcs
  11 ball pythons
  5 bats
  8 endoplasms
  A giant cockroach (D:4)
  5 goblins
  11 hobgoblins
  A jackal (D:1)
  10 kobolds
  3 quokkas
  3 rats
79 creatures vanquished.

Notes
Turn   | Place    | Note
-------+----------+-------------------------------------------
     0 | D:1      | hquester the Spriggan Hunter began the quest for the Orb.
     0 | D:1      | Reached XP level 1. HP: 10/10 MP: 2/2
   284 | D:1      | Reached XP level 2. HP: 15/15 MP: 3/3
   787 | D:1      | Found a faded altar of an unknown god.
  1279 | D:2      | Reached XP level 3. HP: 18/18 MP: 4/4
  1537 | D:2      | Reached XP level 4. HP: 23/23 MP: 5/5
  1749 | D:3      | Found an ancient bone altar of Kikubaaqudgha.
  1827 | D:3      | Found an opulent altar of Gozag.
  2242 | D:3      | Reached XP level 5. HP: 27/27 MP: 6/6
  2519 | D:3      | Found a glowing golden altar of the Shining One.
  2783 | D:4      | Noticed Menkaure
  2812 | D:4      | Reached skill level 5 in Crossbows
  2812 | D:4      | Reached XP level 6. HP: 18/32 MP: 7/7
  3106 | D:4      | Reached skill level 5 in Stealth
  3129 | D:4      | Killed Menkaure
  3130 | D:4      | Reached skill level 5 in Dodging
  3975 | D:3      | Killed from afar by an orc priest

Illustrated notes

Levels and vault maps discovered:
D:1:      arrival_zaba_pyramid, layout_basic, shapermc_ecumenical_altar_venn,
          minmay_unequal
D:2:      layout_rooms, kennysheep_nondescript,
          hangedman_abyss_or_decor_lesser_grid, corner_web_ring
D:3:      layout_basic, tso_oasis_becter, lemuel_crystal_altar,
          kiku_gazebo_garden_becter, minmay_misc_feat_cross,
          chequers_serial_rivers_marsh, minmay_cut_off
D:4:      layout_cave_pools, lightli_temple_of_fire, uniq_menkaure

Skill      XL: |  1  2  3  4  5  6 |
---------------+-------------------+-----
Stealth        | 2 3 4 5 |  5.6
Dodging        | 3 4 5 |  5.3
Fighting       | 2 3 |  3.3
Crossbows      | 5 |  5.3

Action                   |  1- 3 |  4- 6 || total
-------------------------+-------+-------++-------
 Fire: Hand crossbow     |    69 |   154 ||   223
  Use: Scroll            |       |     5 ||     5
Armor: Robe              |     2 |     4 ||     6
Dodge: Dodged            |    17 |    44 ||    61

Table legend: (Time is in decaauts)
 A = Elapsed time spent in this place.
 B = Non-inter-level travel time spent in this place.
 C = Inter-level travel time spent in this place.
 D = Time resting spent in this place.
 E = Time spent auto-exploring this place.
 F = Levels seen in this place.
 G = Mean time per level.
                   A        B        C        D        E       F      G
               +--------+--------+--------+--------+--------+-----+--------+
         Total |   3030 |   2960 |     70 |    805 |   1608 |   4 |  757.5 |
       Dungeon |   3030 |   2960 |     70 |    805 |   1608 |   4 |  757.5 |
               +--------+--------+--------+--------+--------+-----+--------+

Top non-repeatable levels by time:
     D:3: 1214 daAuts
     D:1: 904 daAuts
     D:4: 599 daAuts
     D:2: 312 daAuts
